 Dungeon Crawl Stone Soup version 0.31.0-1-g2c135a008e (webtiles) character file.

Game seed: 4260740410030886704

169 qw the Shooter (level 5, -2/40 HPs)
             Began as a Djinni Hunter on Jan 23, 2024.
             Slain by a goblin
             ... wielding a +0 dagger
             ... led by Robin
              (4 damage)
             ... on level 3 of the Dungeon.
             The game lasted 00:00:09 (2697 turns).

qw the Shooter (Djinni Hunter)                      Turns: 2697, Time: 00:00:09

Health: -2/40      AC:  6    Str: 10    XL:     5   Next: 79%
Gold:   86         EV: 13    Int: 10    God:
                   SH:  0    Dex: 19

rFire   + + .        a - +0 shortbow
rCold   x . .        (shield currently unavailable)
rNeg    . . .        c - +0 leather armour
rPois   inf          (no helmet)
rElec   .            (no cloak)
rCorr   .            g - +2 pair of gloves
SInv    .            (boots unavailable)
Will    .....        (no amulet)
Stlth   ++           (no ring)
HPRegen 0.26/turn    (no ring)
MPRegen 0.00/turn

%: infuse magic (-3 HP)
@: flying
A: sickness immunity, fire resistance 2, cold vulnerability 1, float, innate
caster, HP casting, extra vitality 1
a: no special abilities


You were on level 3 of the Dungeon.
You visited 1 branch of the dungeon, and saw 3 of its levels.

You collected 86 gold pieces.


Innate Abilities, Weirdness & Mutations

You are immune to sickness and miasma.
You are immune to poison.
Your flesh is very heat resistant. (rF++)
You are vulnerable to cold. (rC-)
You float through the air rather than walking.
You learn spells naturally, not from books.
Your magical power is your life essence.
You have superior vitality. (+4 MHP)


   Skills:
 - Level 3.0 Fighting
 + Level 4.6 Ranged Weapons
 - Level 3.3 Dodging
 - Level 0.7 Stealth


You knew the following spells:

 Your Spells              Type           Power      Damage    Failure   Level
a - Summon Small Mammal   Summ           0%         N/A       45%         1
b - Searing Ray           Conj           0%         2d4       61%         2
Your spell library was empty.

Inventory:

Hand Weapons
 a - a +0 shortbow (weapon)
Armour
 c - a +0 leather armour (worn)
 g - a +2 pair of gloves (worn)
Scrolls
 d - 2 scrolls of identify
Potions
 b - a potion of degeneration {unknown}
 e - 2 potions of curing
 f - a potion of attraction {unknown}
 h - 2 potions of might
 i - a potion of enlightenment {unknown}

Dungeon Overview and Level Annotations

Branches:
Dungeon (3/15)

Altars:
Ashenzari

Annotations:
D:3 Robin


Message History

The bat closely misses you.
The goblin hits you but does no damage. x2
You shoot an arrow. The arrow hits the hobgoblin!
You kill the hobgoblin!
The bat hits you but does no damage. The bat completely misses you.
The hound bites you. The adder bites you but does no damage.
Robin hits you from afar with a +0 spear.
The goblin completely misses you. The goblin hits you but does no damage.
The hound bites you but does no damage. The goblin hits you with a +0 dagger.
The bat hits you but does no damage. The adder bites you but does no damage.
You shoot an arrow. The arrow barely misses the hound.
The arrow hits the goblin.
You kill the goblin!
The bat hits you. The bat misses you. The hound misses you.
The goblin closely misses you. The hobgoblin closely misses you.
The goblin hits you but does no damage.
Robin hits you from afar with a +0 spear.
The goblin misses you. The adder misses you. The goblin barely misses you.
The hound bites you.
The hobgoblin hits you but does no damage.
The bat hits you but does no damage. The goblin barely misses you.
The goblin hits you with a +0 dagger. The goblin closely misses you.
Robin closely misses you.
You shoot an arrow. The arrow misses the hound.
The arrow hits the goblin.
You kill the goblin!
The bat hits you but does no damage. The adder bites you but does no damage.
The hound misses you. The goblin closely misses you. The hound misses you.
The adder closely misses you. The goblin completely misses you.
The goblin barely misses you. The hobgoblin hits you.
Robin hits you from afar with a +0 spear.
The goblin hits you with a +0 dagger.
You shoot an arrow.
The arrow hits the hound but does no damage.
The hound is heavily wounded.
The bat hits you but does no damage. The hound bites you.
The goblin barely misses you. The adder misses you.
The goblin barely misses you. Robin hits you but does no damage.
The hobgoblin hits you but does no damage.
The goblin hits you with a +2 dagger of venom.
The goblin hits you with a +0 dagger.
You die...

#~##..##~#..........#.##.#
#~#7..7#~#...<.........#.#
#~......~#......#..##..#.#
#~..)...~#......#..#...#.######
#~#7..7#~#......#..+...........
#~##..##~#......####.....######
#~~~~~~~~#......+...>..........
##########...ggb#####..#.######
#........g@g+ ....#.#
#........ghS# ##+###.#
#.........).g.ยค. ..#
#............... ..#
############...... ... .^....
...... <.....


You could see a hound, Robin, an adder, a hobgoblin (strong), 4 goblins and a
bat.

Vanquished Creatures
  Natasha (thrice) (D:2)
  2 adders (D:2)
  2 ribbon worms (D:2)
  2 dart slugs
  An orc (D:3)
  7 ball pythons
  4 endoplasms
  2 giant cockroaches (D:1)
  9 goblins
  11 hobgoblins
  2 jackals (D:1)
  A kobold (D:1)
  A quokka (D:1)
  5 bats
  4 frilled lizards (D:1)
  6 rats
62 creatures vanquished.

Vanquished Creatures (collateral kills)
  An endoplasm (D:1)
  A jackal (D:1)
2 creatures vanquished.

Grand Total: 64 creatures vanquished

Notes
Turn   | Place    | Note
-------+----------+-------------------------------------------
     0 | D:1      | qw the Djinni Hunter began the quest for the Orb.
     0 | D:1      | Reached XP level 1. HP: 18/18 MP: 0/0
     0 | D:1      | 0 ||| qw: Version: 0.3-a-132-g3d54051
     0 | D:1      | 0 ||| qw: Game counter: 651
     0 | D:1      | 0 ||| qw: Melee chars always use a shield: true
     0 | D:1      | 0 ||| qw: God list: Okawaru
     0 | D:1      | 0 ||| qw: Allow faded altars: false
     0 | D:1      | 0 ||| qw: Do Orc after clearing Dungeon:15 true
     0 | D:1      | 0 ||| qw: Do second Lair branch before Depths: true
     0 | D:1      | 0 ||| qw: Lair rune preference: random
     0 | D:1      | 0 ||| qw: Goals: Normal
     0 | D:1      | 0 ||| PLANNING D:1-11
   141 | D:1      | 141 ||| DROPPING scroll of butterflies.
   172 | D:1      | Reached XP level 2. HP: 18/23 MP: 0/0
   425 | D:1      | 425 ||| READING scroll labelled SIOPLEASI.
   471 | D:1      | 471 ||| READING scroll labelled WEKHIT DOINI.
   471 | D:1      | 471 ||| ENCHANTING +0 shortbow.
   547 | D:1      | Reached XP level 3. HP: 25/28 MP: 0/0
   547 | D:1      | Learned a level 1 spell: Summon Small Mammal
   570 | D:1      | Reached skill level 4 in Ranged Weapons
   648 | D:1      | 648 ||| READING scroll labelled DIEPHAROBB.
   929 | D:1      | 929 ||| UPGRADING to +2 pair of gloves.
   934 | D:1      | 934 ||| READING scroll labelled PIULLA XUOCYUSCH.
  1059 | D:1      | 1059 ||| READING scroll labelled FAZIMYE FECOIB.
  1060 | D:1      | 1060 ||| READING scroll labelled XUFADA ROYCE.
  1060 | D:1      | 1060 ||| IDENTIFYING grey potion
  1265 | D:2      | Reached XP level 4. HP: 31/34 MP: 0/0
  1289 | D:2      | Reached skill level 3 in Fighting
  1558 | D:2      | Found a broken altar of Ashenzari.
  1578 | D:2      | 1578 ||| FLEEEEING.
  1696 | D:2      | Noticed Natasha
  1705 | D:2      | Killed Natasha
  1706 | D:2      | Reached skill level 3 in Dodging
  1921 | D:2      | Reached XP level 5. HP: 40/40 MP: 0/0
  1921 | D:2      | Learned a level 2 spell: Searing Ray
  2037 | D:2      | Noticed Natasha
  2046 | D:2      | Killed Natasha
  2047 | D:2      | 2047 ||| FLEEEEING.
  2085 | D:2      | Noticed Natasha
  2088 | D:2      | Killed Natasha
  2340 | D:2      | 2340 ||| DROPPING scarf of shadows.
  2341 | D:2      | 2341 ||| READING 2 scrolls labelled SYEDYI YL ZAC.
  2342 | D:2      | 2342 ||| FLEEEEING.
  2452 | D:2      | 2452 ||| DRINKING 3 fuming yellow potions.
  2453 | D:2      | 2453 ||| DROPPING scroll of vulnerability.
  2686 | D:3      | Noticed Robin
  2696 | D:3      | HP: 6/40 [goblin/+0 dagger[Robin] (5)]
  2697 | D:3      | HP: 2/40 [goblin/+2 dagger of venom[Robin] (2)]
  2697 | D:3      | Slain by a goblin

Levels and vault maps discovered:
D:1:      shiori_shiawase, layout_basic, serial_co_window_serial,
          co_window_of_opportunity_a, co_window_paths_b,
          co_window_of_opportunity_a, co_window_corner_a, co_window_cross_1,
          co_window_corner_b, co_window_broadway_b, co_window_broadway_c,
          co_window_of_opportunity_c, co_window_corner_b, co_window_4corner_b,
          glass_columns_b, glass_columns_a, chequers_serial_rivers_small_a,
          skrybe_limestone_x
D:2:      layout_basic, basic_altar, uniq_natasha
D:3:      layout_basic, serial_shops, shop, grunt_ministairs_11,
          kennysheep_generic_room_5, uniq_robin

Skill      XL: |  1  2  3  4 |
---------------+-------------+-----
Ranged Weapons | 4 |  4.6
Fighting       | 3 |  3.0
Dodging        | 3 |  3.3
Stealth        | |  0.7

Action                     |  1- 3 |  4- 6 || total
---------------------------+-------+-------++-------
   Fire: Shortbow          |    91 |    94 ||   185
    Use: Scroll            |     6 |     1 ||     7
         Potion            |       |     1 ||     1
 Armour: Leather armour    |    23 |    61 ||    84
  Dodge: Dodged            |    31 |    74 ||   105

Table legend:
 A = Non-vault XP
 B = Vault XP
 C = Vault XP percentage of total XP
 D = Non-vault monster count
 E = Vault monster count
 F = Vault count percentage of total count
                 A         B        C        D         E       F
            +---------+---------+-------+---------+---------+-------
      Total |     193 |      49 |  20.2 |      55 |       9 |  14.1
            +---------+---------+-------+---------+---------+-------
        D:1 |      51 |       0 |   0.0 |      32 |       0 |   0.0
        D:2 |     124 |      35 |  22.0 |      15 |       1 |   6.2
        D:3 |      18 |      14 |  43.8 |       8 |       8 |  50.0
            +---------+---------+-------+---------+---------+-------
